 Dungeon Crawl Stone Soup version 0.23.2-40-g277498a001 (webtiles) character file.

Game seed: 600450012660632788

42 Iskender the Scratcher (level 3, 0/17 HPs)
             Began as a Felid Chaos Knight on Oct 14, 2019.
             Was a Plaything of Xom.
             Succumbed to an adder's poison
             ... on level 2 of the Dungeon.
             The game lasted 00:05:17 (1200 turns).

Iskender the Scratcher (Felid Chaos Knight)         Turns: 1200, Time: 00:05:19

Health: 0/17       AC:  1    Str:  8    XL:     3   Next: 35%
Magic:  4/4        EV: 18    Int: 13    God:    Xom [..*...]
Gold:   66         SH:  0    Dex: 16    Spells: 2/2 levels left
                                        Lives:  0   Deaths: 0

rFire    . . .     SeeInvis +     - Unarmed
rCold    . . .     Gourm    .   (shield unavailable)
rNeg     . . .     Faith    .   (armour unavailable)
rPois    .         Spirit   .   (helmet unavailable)
rElec    .         Reflect  .   (cloak unavailable)
rCorr    .         Harm     .   (gloves unavailable)
MR       .....                  (boots unavailable)
Stlth    ++........             (no amulet)
HPRegen  0.05/turn              (no ring)
MPRegen  0.09/turn              (no ring)

@: lethally poisoned (0 -> -9), about to teleport, flying, quick
A: very small, no armour, no weapons or thrown items, stealth, claws 1, fangs 3,
see invisible, carnivore, speed 1, shaggy fur 1, slow metabolism 1, sharp paws
a: Renounce Religion


You were on level 2 of the Dungeon.
You worshipped Xom.
You were a toy of Xom.
You were full.

You visited 1 branch of the dungeon, and saw 2 of its levels.

You collected 66 gold pieces.

Inventory:

Jewellery
 b - an uncursed ring of fire
Scrolls
 c - a scroll of blinking
 d - a scroll of enchant armour
 e - a scroll of identify
Comestibles
 a - 2 rations


   Skills:
 - Level 3.0 Fighting
 - Level 3.2 Dodging
 - Level 3.0 Stealth
 + Level 3.8 Unarmed Combat


You had 2 spell levels left.
You didn't know any spells.
Your spell library was empty.

Dungeon Overview and Level Annotations

Branches:
Dungeon (2/15)

Altars:
Gozag

Annotations:
D:2 exclusion: centaur, Jessica


Innate Abilities, Weirdness & Mutations

You cannot wear armour.
You are incapable of wielding weapons or throwing items.
Your paws allow you to move quietly. (Stealth)
You have sharp claws.
You have razor-sharp teeth.
You have supernaturally acute eyesight. (SInv)
You are carnivorous and can eat meat at any time.
You cover ground quickly.
You are covered in fur. (AC +1)
You have a slow metabolism.
Your sharp claws are effective at attacking unaware monsters.


Message History

The adder barely misses you. The adder bites you.
* * * LOW HITPOINT WARNING * * *
You are more poisoned.
The adder poisons you!
As you read the scroll labeled ULATYEBAPE, it crumbles to dust.
You feel strangely unstable.
It was a scroll of teleportation.
* * * LOW HITPOINT WARNING * * *
You feel sick. The adder barely misses you.
As you read the scroll labeled VEJ PUSOUDIO, it crumbles to dust.
You feel blessed for a moment.
It was a scroll of remove curse.
* * * LOW HITPOINT WARNING * * *
You feel sick. The adder closely misses you.
You closely miss the adder.
The adder is moderately wounded.
The adder misses you.
You closely miss the adder.
The adder is moderately wounded.
You die...
Xom roars with laughter!

#............##.###
#.####..####[# .#
#..# #..# #.# .#
#..# #†.# #.# .#
#..# #..# #.# #..#
#..# #.##.### #..#
#..####$.%....
#..###.............
#.@................
#S#####.####.......
#. #.####....... #.
............. #.
#.####...g... #.
#........<... #.
############ #. #


You could see an adder.

Vanquished Creatures
  2 adders (D:2)
  A dart slug (D:1)
  2 leopard geckos (D:2)
  2 ball pythons (D:2)
  2 bats
  A giant cockroach (D:2)
  3 goblins
  A hobgoblin (D:2)
  A frilled lizard (D:2)
  3 kobolds
  2 rats
20 creatures vanquished.

Notes
Turn   | Place    | Note
-------+----------+-------------------------------------------
     0 | D:1      | Iskender the Felid Chaos Knight began the quest for the
                  | Orb.
     0 | D:1      | Reached XP level 1. HP: 10/10 MP: 2/2
    48 | D:1      | Reached skill level 1 in Stealth
   162 | D:1      | XOM: divination: magic mapping
   447 | D:1      | XOM: harmless Ice miscast
   587 | D:1      | XOM: butterfly on damage
   769 | D:1      | Reached XP level 2. HP: 11/14 MP: 3/3
   832 | D:2      | Noticed Jessica
   910 | D:2      | XOM: potion effect (agility)
  1028 | D:2      | Reached XP level 3. HP: 10/17 MP: 4/4
  1035 | D:2      | Found an opulent altar of Gozag.
  1035 | D:2      | Noticed a centaur
  1200 | D:2      | Succumbed to an adder's poison

Skill      XL: |  1  2 |
---------------+-------+-----
Stealth        | 2 3 |  3.0
Fighting       | |  3.0
Dodging        | |  3.2
Unarmed Combat | |  3.8

Action                   || total
-------------------------++-------
Melee: Unarmed           ||    66
       Bite              ||     5
  Use: Scroll            ||     4
       Potion            ||     1
 Stab: Sleeping          ||     4
  Eat: Chunk             ||     4
Armor: Skin              ||     3
Dodge: Dodged            ||    44
